 Dungeon Crawl Stone Soup version 0.31.0-12-g77e489cdc1 (webtiles) character file.

Game seed: 8141067804657395122

31318 Gadfly the Basher (level 13, -2/154 HPs)
             Began as an Oni Berserker on Feb 21, 2024.
             Was the Champion of Trog.
             Slain by a very large slime creature (44 damage)
             ... in an ice cave.
             The game lasted 00:36:14 (14093 turns).

Gadfly the Basher (Oni Berserker)                  Turns: 14093, Time: 00:36:15

Health: -2/154     AC: 19    Str: 25    XL:     13   Next: 57%
Magic:  13/13      EV: 14    Int:  5    God:    Trog [******]
Gold:   846        SH:  0    Dex: 11    Spells: 12/12 levels left

rFire   x . .        a - +4 dire flail (protect)
rCold   + + .        (shield currently unavailable)
rNeg    + . .        O - +0 ice dragon scales
rPois   +            e - +2 hat
rElec   .            z - +2 ratskin cloak {*Rats rPois rN+ Str-1 Int-1 Dex+1}
rCorr   +            (gloves unavailable)
SInv    .            (boots unavailable)
Will    +....        i - amulet of regeneration Stlth
                     s - +5 ring of evasion
HPRegen 1.25/turn    f - ring of resist corrosion
MPRegen 0.13/turn

%: no passive effects
@: no status effects
A: large, unfitting armour, horns 1, tough skin 1, double potion healing,
drunken brawling, dopey 1, robust 1
a: Renounce Religion, Berserk, Trog's Hand, Brothers in Arms


You were in an ice cave.
You worshipped Trog.
Trog was exalted by your worship.
You visited 3 branches of the dungeon, and saw 17 of its levels.
You also visited: Ice Cave.

You collected 846 gold pieces.

Inventory:

Hand Weapons
 a - a +4 dire flail of protection (weapon)
 b - a +2 hammer of holy wrath
 p - a +3 flail
 K - a +2 mace of draining
 M - the +8 frozen axe "Frostbite" {freeze, freezing cloud, *Noise Fly rC+}
   (Trog gifted it to you on level 12 of the Dungeon)

   rC+:       It protects you from cold.
   Fly:       It grants you flight.
   *Noise:    It may make a loud noise when swung.
 Q - a +0 hand axe of flaming
Armour
 e - a +2 hat (worn)
 l - a +2 robe of resistance
 n - a +2 robe of willpower
 z - the +2 ratskin cloak (worn) {*Rats rPois rN+ Str-1 Int-1 Dex+1}
   (You found it on level 7 of the Dungeon)

   *Rats:     When the wearer is hurt, rats may emerge from it to assist them.
   Str-1:     It affects your strength (-1).
   Int-1:     It affects your intelligence (-1).
   Dex+1:     It affects your dexterity (+1).
   rPois:     It protects you from poison rN+: It protects you from negative
   energy.
 C - +0 acid dragon scales
 I - a +0 troll leather armour
 O - +0 ice dragon scales (worn)
Jewellery
 f - a ring of resist corrosion (right hand)
 g - a +4 ring of protection
 i - an amulet of regeneration (around neck)
 q - a ring of fire
 s - a +5 ring of evasion (left hand)
 x - a ring of fire
 y - a ring of poison resistance
Wands
 m - a wand of polymorph (3) (quivered)
 o - a wand of flame (9)
 u - a wand of mindburst (16)
 w - a wand of roots (25)
 J - a wand of paralysis (5)
 L - a wand of quicksilver (5)
Scrolls
 j - 5 scrolls of enchant armour
 A - a scroll of vulnerability
 E - 2 scrolls of teleportation
 F - 3 scrolls of identify
 H - a scroll of fog
 N - 2 scrolls of immolation
 P - 2 scrolls of fear
Potions
 c - 5 potions of resistance
 d - 4 potions of heal wounds
 h - a potion of ambrosia
 k - 4 potions of attraction
 r - 5 potions of curing
 t - 4 potions of enlightenment
 v - a potion of might
 B - a potion of lignification
 D - a potion of haste
 G - a potion of mutation


   Skills:
 + Level 12.0 Fighting
 * Level 12.8 Maces & Flails
 * Level 10.8 Armour
 - Level 4.2 Dodging
 * Level 10.3 Evocations


You had 12 spell levels left.
You didn't know any spells.
Your spell library was empty.

Dungeon Overview and Level Annotations

Branches:
Dungeon (13/15)            Temple (1/1) D:6            Lair (3/5) D:10
 Shoals (0/4) Lair:2       Spider (0/4) Lair:2          Orc (0/2) D:12
  IceCv (1/1)
 Vaults: D:13-14

Altars:
Ashenzari
Cheibriados
Dithmenos
Elyvilon
Fedhas
Gozag
Hepliaklqana
Kikubaaqudgha
Makhleb
Nemelex Xobeh
Okawaru
Qazlal
Ru
Sif Muna
Trog
Uskayaw
Vehumet
Wu Jian
Xom
Yredelemnul
Zin
The Shining One

Annotations:
IceCv exclusion: ice statue


Innate Abilities, Weirdness & Mutations

You are too large for most types of armour.
You have a pair of small horns on your head.
You have tough skin. (AC +1)
You gain doubled healing and magic from potions.
Whenever you drink a healing potion, you attack all around you.
You are dopey. (Int -2)
You are robust. (+10% HP)


Message History

You headbutt the very large slime creature, but do no damage.
The very large slime creature is moderately wounded.
Your river rat completely misses the very large slime creature.
You hit the very large slime creature.
The very large slime creature is moderately wounded.
The slime creature hits you!
The very large slime creature completely misses you.
You hit the very large slime creature but do no damage.
The very large slime creature is moderately wounded.
Your river rat bites the very large slime creature.
You hit the very large slime creature but do no damage.
You headbutt the very large slime creature, but do no damage.
The very large slime creature is moderately wounded.
The very large slime creature hits you!!!
* * * LOW HITPOINT WARNING * * *
A river rat scurries out from under your cloak.
The slime creature completely misses you.
Your river rat bites the very large slime creature!
You swap places.
The slime creature barely misses your hell rat.
A very large slime creature splits.
Your hell rat bites the large slime creature.
Your river rat bites the large slime creature.
You swap places.
The slime creature hits your hell rat.
The large slime creature hits your hell rat!!
Your hell rat dies!
Your river rat bites the large slime creature.
Something barely misses your river rat.
A slime creature comes into view.
The slime creature quivers.
The slime creature barely misses your river rat.
The large slime creature hits your river rat!!!
Your river rat dies!
Your river rat bites the large slime creature!
Something hits your river rat!
Your river rat dies!
Two slime creatures merge to form a very large slime creature.
The very large slime creature attacks as it pursues you!
The very large slime creature hits you!!!
You die...

##### ##...##
##.....#
#......##
#.......# ....
##@J.....# #...
##....#J..# #...#
#...#.##..# ....#
##..##.##..#
....#
#..##(.##..# ...#
#..#.:[#...##J..#
##.##..##J......#
#..##..#....##..#
### #..#..##..###
..#


You could see a very large slime creature and a slime creature.

Vanquished Creatures
  A quicksilver ooze (IceCv)
  A hydra (Lair:2)
  2 two-headed ogres
  5 death yaks (Lair:1)
  Nergalle (Lair:2)
  An ugly thing (D:11)
  An oklob plant (D:10)
  4 cyclopes
  Maurice (D:11)
  A manticore (D:11)
  Joseph (Lair:1)
  An ice statue (IceCv)
  2 black mambas (Lair:2)
  6 cane toads
  An unseen horror (D:11)
  Maggie (D:7)
  3 kobold demonologists
  4 trolls
  2 komodo dragons (Lair:1)
  Psyche (D:9)
  A hornet (D:9)
  Prince Ribbit (D:6)
  5 blink frogs
  17 slime creatures
  Sigmund (D:3)
  3 shadows
  A vampire (D:12)
  A wyvern (Lair:2)
  2 wraiths
  3 basilisks
  12 yaks
  Eustachio (D:6)
  4 vampire mosquitoes (D:11)
  A steam dragon (D:8)
  2 redbacks (Lair:2)
  3 acid dragons
  A water moccasin (Lair:2)
  3 great orb of eyes simulacra (IceCv)
  Duvessa (D:7)
  3 orc warriors
  2 ice beasts
  2 sky beasts
  2 ogres
  6 centaurs
  A crocodile (D:12)
  11 wolves (Lair:2)
  A slime creature simulacrum (IceCv)
  7 bullfrogs
  4 kobold brigands (D:11)
  A gnoll sergeant (D:10)
  4 scorpions
  7 wights
  Dowan (D:7)
  34 killer bees
  4 hounds
  6 orc priests
  Crazy Yiuf (D:3)
  A gnoll bouda (D:8)
  3 jellies
  Jessica (D:2)
  10 orc wizards
  2 sleepcaps
  Terence (D:2)
  4 iguanas
  Ijyb (D:5)
  Natasha (thrice) (D:4)
  5 shapeshifter simulacra (IceCv)
  Robin (D:3)
  10 gnolls
  4 adders
  A shadow imp (D:7)
  13 white imps
  2 ufetubi (D:6)
  A dart slug (D:5)
  32 orcs
  5 ball pythons
  2 bats (D:1)
  5 endoplasms
  3 giant cockroaches
  14 goblins
  10 hobgoblins
  7 jackals
  10 kobolds
  3 quokkas
  5 frilled lizards
  4 rats
363 creatures vanquished.

Vanquished Creatures (collateral kills)
  A slime creature (D:12)
  A yak (Lair:1)
  2 killer bees (D:8)
  An orc (D:8)
5 creatures vanquished.

Grand Total: 368 creatures vanquished

Notes
Turn   | Place    | Note
-------+----------+-------------------------------------------
     0 | D:1      | Gadfly the Oni Berserker began the quest for the Orb.
     0 | D:1      | Reached XP level 1. HP: 24/24 MP: 1/1
   136 | D:1      | Reached XP level 2. HP: 28/32 MP: 2/2
   482 | D:1      | Reached XP level 3. HP: 33/39 MP: 3/3
   687 | D:2      | Reached ** piety under Trog
   721 | D:2      | Reached skill level 1 in Evocations
  1096 | D:2      | Reached XP level 4. HP: 49/49 MP: 4/4
  1205 | D:2      | Noticed Jessica
  1215 | D:2      | Killed Jessica
  1248 | D:2      | Noticed Terence
  1254 | D:2      | Killed Terence
  1481 | D:3      | Noticed Sigmund
  1555 | D:3      | Killed Sigmund
  1556 | D:3      | Reached XP level 5. HP: 55/55 MP: 5/5
  1556 | D:3      | Reached XP level 6. HP: 63/63 MP: 6/6
  1614 | D:3      | Noticed Robin
  1644 | D:3      | Killed Robin
  1790 | D:3      | Identified the +9 whip "Enubriac" {pain, rElec}
  1961 | D:3      | Found a runed translucent door.
  1962 | D:3      | Noticed Crazy Yiuf
  1973 | D:3      | Killed Crazy Yiuf
  2553 | D:4      | Reached *** piety under Trog
  2580 | D:4      | Reached skill level 1 in Armour
  2580 | D:4      | Reached XP level 7. HP: 70/71 MP: 7/7
  2613 | D:4      | Reached skill level 5 in Maces & Flails
  2673 | D:4      | Noticed Natasha
  2679 | D:4      | Killed Natasha
  2900 | D:4      | Noticed Natasha
  2910 | D:4      | Killed Natasha
  3159 | D:4      | Noticed Natasha
  3165 | D:4      | Killed Natasha
  3166 | D:4      | Reached skill level 5 in Fighting
  3348 | D:5      | Entered Level 5 of the Dungeon
  3348 | D:5      | Noticed Ijyb
  3356 | D:5      | Killed Ijyb
  3394 | D:5      | Reached XP level 8. HP: 70/80 MP: 8/8
  4051 | D:6      | Noticed Eustachio
  4058 | D:6      | Reached **** piety under Trog
  4376 | D:6      | Killed Eustachio
  4419 | D:6      | Noticed Prince Ribbit
  4458 | D:6      | Killed Prince Ribbit
  4459 | D:6      | Reached XP level 9. HP: 68/92 MP: 9/9
  4665 | D:6      | Reached skill level 5 in Evocations
  4700 | D:6      | Found a staircase to the Ecumenical Temple.
  4704 | Temple   | Entered the Ecumenical Temple
  5263 | D:7      | Found the +2 ratskin cloak {*Rats rPois rN+ Str-1 Int-1
                  | Dex+1}
  5607 | D:7      | Reached skill level 5 in Armour
  5760 | D:7      | Noticed Maggie
  5772 | D:7      | Killed Maggie
  5945 | D:7      | Noticed Duvessa
  5955 | D:7      | Killed Duvessa
  5957 | D:7      | Noticed Dowan
  5960 | D:7      | Killed Dowan
  6443 | D:8      | Reached XP level 10. HP: 75/102 MP: 10/10
  6515 | D:8      | Reached ***** piety under Trog
  7515 | D:9      | Noticed Psyche
  7822 | D:9      | Killed Psyche
  7907 | D:9      | Found an opulent altar of Gozag.
  8087 | D:10     | Entered Level 10 of the Dungeon
  8092 | D:10     | Reached XP level 11. HP: 94/113 MP: 11/11
  8185 | D:10     | Found a snail-covered altar of Cheibriados.
  8263 | D:10     | Noticed an oklob plant
  8282 | D:10     | Found a staircase to the Lair.
  8299 | D:10     | Killed an oklob plant
  8521 | D:10     | Noticed a sea snake
  8653 | D:10     | Noticed a two-headed ogre
  8661 | D:10     | Killed a two-headed ogre
  8662 | D:10     | Reached skill level 10 in Maces & Flails
  8708 | D:10     | Gained mutation: Your body sometimes deteriorates upon
                  | taking damage. [a neqoxec]
  9411 | D:11     | Noticed a cyan ugly thing
  9430 | D:11     | Killed a cyan ugly thing
  9884 | D:11     | Noticed a manticore
  9893 | D:11     | Killed a manticore
  9930 | D:11     | Noticed Maurice
  9931 | D:11     | Maurice stole a ring of fire
  9932 | D:11     | Maurice stole a +2 hammer of holy wrath
  9935 | D:11     | Maurice stole 138 gold
  9938 | D:11     | Killed Maurice
  9939 | D:11     | Reached skill level 10 in Fighting
 10463 | D:11     | Lost mutation: Your body sometimes deteriorates upon taking
                  | damage. [potion of mutation]
 10463 | D:11     | Gained mutation: You are partially covered in iridescent
                  | scales. (AC +2) [potion of mutation]
 10463 | D:11     | Gained mutation: You are dopey. (Int -2) [potion of
                  | mutation]
 10463 | D:11     | Lost mutation: You are partially covered in iridescent
                  | scales. (AC +2) [potion of mutation]
 10463 | D:11     | Gained mutation: You are robust. (+10% HP) [potion of
                  | mutation]
 10655 | D:12     | Noticed a cyclops
 10663 | D:12     | Killed a cyclops
 10664 | D:12     | Reached XP level 12. HP: 124/138 MP: 12/12
 10922 | D:12     | Received a gift from Trog
 10922 | D:12     | Found the +8 frozen axe "Frostbite" {freeze, freezing
                  | cloud, *Noise Fly rC+}
 10934 | D:12     | Found the +12 glaive of Prune {freeze, Prune}
 10952 | D:12     | Found a staircase to the Orcish Mines.
 11105 | D:12     | Found a broken altar of Ashenzari.
 11205 | D:12     | Noticed a two-headed ogre
 11211 | D:12     | Killed a two-headed ogre
 11632 | Lair:1   | Entered Level 1 of the Lair of Beasts
 11713 | Lair:1   | Noticed a death yak
 11713 | Lair:1   | Noticed a death yak
 11714 | Lair:1   | Noticed a death yak
 11714 | Lair:1   | Noticed a death yak
 11720 | Lair:1   | Killed a death yak
 11721 | Lair:1   | Noticed a death yak
 11724 | Lair:1   | Killed a death yak
 11724 | Lair:1   | Killed a death yak
 11727 | Lair:1   | Killed a death yak
 11731 | Lair:1   | Killed a death yak
 11785 | Lair:1   | Identified a scroll of acquirement
 11786 | Lair:1   | Acquired a +4 dire flail of protection
 11925 | Lair:1   | Reached skill level 10 in Armour
 12117 | Lair:1   | Reached XP level 13. HP: 95/150 MP: 13/13
 12321 | Lair:1   | Noticed Joseph
 12333 | Lair:1   | Killed Joseph
 12810 | Lair:2   | Identified the +2 trident of Orameipp {venom, Stlth+}
 13029 | Lair:2   | Reached skill level 10 in Evocations
 13058 | Lair:2   | Noticed Nergalle
 13067 | Lair:2   | Killed Nergalle
 13241 | Lair:2   | Found a staircase to the Shoals.
 13433 | Lair:2   | Found a hole to the Spider Nest.
 13640 | Lair:3   | Found a frozen archway.
 13673 | IceCv    | Entered an ice cave
 13680 | IceCv    | Reached ****** piety under Trog
 13897 | IceCv    | Noticed a quicksilver ooze
 13910 | IceCv    | HP: 5/228 [quicksilver ooze (16)]
 13912 | IceCv    | Killed a quicksilver ooze
 14093 | IceCv    | Slain by a very large slime creature

Illustrated notes

Levels and vault maps discovered:
D:1:      saegor_arrival_simple_d, layout_rooms, lexackson_kobold_supper
D:2:      minmay_general_purpose_star, layout_basic, uniq_jessica, uniq_terence
D:3:      layout_basic, uniq_crazy_yiuf_cottage, uniq_robin, uniq_sigmund
D:4:      layout_rooms, uniq_natasha
D:5:      layout_rooms, minmay_misc_feat_ornament, uniq_ijyb
D:6:      layout_basic, temple_hall_moat, hangedman_abyss_or_decor_lesser_grid,
          uniq_eustachio, uniq_prince_ribbit1
D:7:      layout_loops_ring, uniq_duvessa, uniq_maggie
D:8:      layout_cave_pods
D:9:      layout_rooms, nicolae_gozag_seed_capital, uniq_psyche
D:10:     layout_loops_ring, mainiacjoe_overflow_tiny_flanked,
          dpeg_oklobed_lair, serial_aquarium, aquarium_bridge_straight
          [aquarium_subvault_bridge, aquarium_subvault_window,
          aquarium_subvault_bridge, aquarium_subvault_wall],
          aquarium_window_corridor_2, aquarium_window_fake, aquarium_window_2,
          aquarium_view_2c, aquarium_view_2d, aquarium_pool_S
D:11:     layout_loops_corners, uniq_maurice
D:12:     layout_grid_maze, orc_0_dummy, ashenzari_altar_1
D:13:     layout_irregular_city, serial_shops, nicolae_shop_crystal,
          nicolae_shop_hallway_plus, nicolae_lakefront_shop
Temple:   nicolae_temple_bog_church
Lair:1:   layout_hall_layers, chequers_serial_rivers_small_3,
          nicolae_lair_grazing_beasts [nicolae_sub_lair_graze_edge,
          nicolae_sub_lair_graze_edge, nicolae_sub_lair_graze_edge,
          nicolae_sub_lair_graze_edge], grunt_megastairs_3, uniq_joseph
Lair:2:   layout_regular_city, shoals_dummy_entry, spider_nest_entry_funnel_web,
          uniq_nergalle
Lair:3:   layout_cave_pods, portal_ice_cave_entry_imps, hibernation_bobbens
IceCv:    ice_cave_hellmonk_azure_passage

Skill      XL: |  1  2  3  4  5  6  7  8  9 10 11 12 13 |
---------------+----------------------------------------+-----
Dodging        | 3 4 |  4.2
Evocations     | 1 2 3 4 6 7 8 9 10 | 10.3
Maces & Flails | 4 5 6 8 9 10 12 | 12.8
Armour         | 1 2 4 5 7 8 10 | 10.8
Fighting       | 5 6 7 8 10 11 12 | 12.0

Action                     |  1- 3 |  4- 6 |  7- 9 | 10-12 | 13-15 || total
---------------------------+-------+-------+-------+-------+-------++-------
  Melee: Mace              |    92 |    26 |   322 |   567 |     3 ||  1010
         Headbutt          |     9 |    22 |    70 |   114 |    43 ||   258
         Morningstar       |     1 |    82 |       |       |       ||    83
         Punch             |       |     2 |     6 |    10 |       ||    18
         Dire flail        |       |       |       |    69 |    90 ||   159
         Executioner's axe |       |       |       |    53 |   104 ||   157
         Hand axe          |       |       |       |       |     4 ||     4
 Invoke: Berserk           |     2 |     3 |     3 |     1 |     1 ||    10
  Evoke: Wand              |       |       |       |     2 |       ||     2
    Use: Scroll            |     3 |     1 |    10 |    10 |     1 ||    25
         Potion            |       |       |     3 |     1 |       ||     4
   Stab: Sleeping          |     3 |       |       |       |       ||     3
         Distracted        |       |       |       |     1 |       ||     1
 Armour: Animal skin       |    69 |     9 |       |       |       ||    78
         Robe              |       |    92 |   303 |       |       ||   395
         Steam dragon scal |       |       |    64 |   299 |       ||   363
         Acid dragon scale |       |       |       |   135 |       ||   135
         Troll leather arm |       |       |       |   197 |   152 ||   349
         Skin              |       |       |       |     4 |       ||     4
         Ice dragon scales |       |       |       |       |    15 ||    15
  Dodge: Dodged            |    64 |    52 |   288 |   496 |   165 ||  1065
